Wild vs Blue Jackets
(R3)
Created - 10 octobre 2014 at 19:29
Goals
|
Wild |
1 |
0 |
0 |
1 |
Blue Jackets |
0 |
1 |
4 |
5 |
|
Shots
|
Wild |
16 |
7 |
13 |
36 |
Blue Jackets |
9 |
11 |
12 |
32 |
|
1st period
1. Wild , R.J. Umberger 3 (Chris Drury, Daniel Briere) at 14:43
Penalties :
Jason Ward (Clb) for Roughing (Minor) at 5:06, Pavel Bure (Clb) for Holding Stick (Minor) at 6:40, Blake Wheeler (Clb) for Interference (Minor) at 11:23, Wade Redden (Clb) for Roughing (Minor) at 14:46, Jason Ward (Clb) for Hooking (Minor) at 17:43, Marc Savard (Clb) for Hooking (Minor) at 18:31
2nd period
2. Blue Jackets , Adam Deadmarsh 3 (Ramzi Abid, Branislav Mezei) at 9:10
Penalties :
Wade Redden (Clb) for Holding (Minor) at 6:48, Branislav Mezei (Clb) for Hooking (Minor) at 11:32, Alexei Kovalev (Min) for Interference (Minor) at 12:27
3rd period
3. Blue Jackets , Pavel Bure 1 (Marc Savard, Branislav Mezei) at 7:51 (PP)
4. Blue Jackets , Wade Redden 2 (David Booth, Marc Savard) at 9:02 (PP)
5. Blue Jackets , Ramzi Abid 3 (Jan Bulis, Blake Wheeler) at 15:02 (PP)
6. Blue Jackets , Marcus Nilson 4 (Blake Wheeler, David Booth) at 19:35
Penalties :
Pavel Bure (Clb) for Hooking (Minor) at 0:36, Greg Zanon (Min) for Holding (Minor) at 4:49, David Booth (Clb) for Tripping (Minor) at 4:54, Shane Hnidy (Min) for High sticking (Minor) at 7:45, Vaclav Prospal (Min) for Tripping (Minor) at 8:58, R.J. Umberger (Min) for Tripping (Minor) at 9:11, Dave Steckel (Clb) for Delaying the game (Minor) at 12:15, R.J. Umberger (Min) for Tripping (Minor) at 14:09, Fedor Tyutin (Min) for Delaying the game (Minor) at 15:07, Alexei Kovalev (Min) for Hooking (Minor) at 18:51, Pavel Bure (Clb) for Hooking (Minor) at 18:54
Goalie Stats
Martin Brodeur (Min), 27 saves from 32 shots - (0,844), L, 5-4-0, 60:00 minutes
Rick DiPietro (Clb), 35 saves from 36 shots - (0,972), W, 5-4-0, 60:00 minutes
Players Stats for Wild
Player Name G A P +/- PIM S H SB GA TA FO MP PP MP PK MP
------------------------------------------------------------------------------------
Alexander Perezhogin 0 0 0 0 0 1 0 0 0 0 0/0 5:49 0:05 0:00
Alexei Kovalev 0 0 0 0 4 1 3 0 1 0 0/2 16:57 6:57 0:00
Anson Carter 0 0 0 -1 0 0 0 0 0 0 0/0 8:25 0:00 1:10
Chris Drury 0 1 1 1 0 5 3 0 1 0 17/33 24:21 10:07 1:17
Cody McLeod 0 0 0 0 0 1 0 0 0 0 0/0 7:34 0:08 0:57
Daniel Briere 0 1 1 1 0 7 4 0 1 1 5/6 23:24 10:07 0:20
Fedor Tyutin 0 0 0 0 2 3 2 2 1 3 0/0 29:50 10:51 0:35
Fredrik Modin 0 0 0 -1 0 0 1 0 0 0 0/0 10:58 0:00 3:32
Glen Metropolit 0 0 0 -1 0 2 1 1 0 2 3/10 11:07 0:05 3:32
Greg Zanon 0 0 0 -1 2 0 0 2 0 3 0/0 13:39 0:02 2:54
Mark Eaton 0 0 0 -1 0 2 0 0 0 0 0/0 20:36 6:19 2:30
Matt Moulson 0 0 0 0 0 2 0 0 0 0 0/0 16:10 6:56 0:00
Mike Green 0 0 0 1 0 4 2 0 0 0 0/0 27:27 10:46 0:11
R.J. Umberger 1 0 1 0 4 5 3 0 0 0 0/0 20:54 10:05 0:00
Rich Peverley 0 0 0 0 0 2 0 0 0 0 2/2 6:57 0:00 1:10
Shane Hnidy 0 0 0 0 2 1 1 1 0 1 0/0 15:42 6:19 2:19
Vaclav Prospal 0 0 0 -1 2 0 0 1 1 0 5/13 17:03 6:56 0:00
Willie Mitchell 0 0 0 -1 0 0 0 2 0 0 0/0 12:52 0:05 3:29
Players Stats for Blue Jackets
Player Name G A P +/- PIM S H SB GA TA FO MP PP MP PK MP
------------------------------------------------------------------------------------
A.J Thelen 0 0 0 0 0 0 0 0 0 0 0/0 13:18 0:50 2:56
Adam Deadmarsh 1 0 1 1 0 1 1 0 0 0 0/0 5:43 0:00 0:00
Blake Wheeler 0 2 2 1 2 0 2 0 1 1 2/3 17:50 2:24 4:22
Brad Stuart 0 0 0 0 0 1 2 0 1 1 0/0 20:21 1:40 6:20
Branislav Mezei 0 2 2 2 2 3 0 1 3 0 0/0 29:25 4:19 10:17
Chris Kelly 0 0 0 1 0 1 4 0 0 0 3/4 9:58 0:50 1:16
Dave Steckel 0 0 0 0 2 1 0 0 0 0 3/3 7:49 0:20 0:14
David Booth 0 2 2 0 2 3 2 0 0 2 1/4 23:30 2:44 9:11
François Beauchemin 0 0 0 0 0 1 0 1 1 0 0/0 20:21 1:40 6:20
Jan Bulis 0 1 1 -1 0 2 0 0 0 0 3/4 10:29 2:24 0:00
Jason Ward 0 0 0 0 4 1 0 0 1 0 0/0 7:19 0:00 0:05
Jeff Taffe 0 0 0 0 0 3 2 1 0 0 0/3 12:23 0:00 3:47
Marc Savard 0 2 2 0 2 4 5 1 1 0 21/43 24:57 2:45 8:54
Marcus Nilson 1 0 1 0 0 5 1 0 1 0 0/0 11:18 0:50 0:58
Mike Commodore 0 0 0 -1 0 0 1 1 0 0 0/0 9:38 0:00 0:00
Pavel Bure 1 0 1 -1 6 1 2 1 0 0 1/2 16:12 2:24 3:54
Ramzi Abid 1 1 2 1 0 1 1 0 1 0 0/0 8:24 2:24 0:01
Wade Redden 1 0 1 1 4 4 2 1 0 1 0/0 27:59 4:19 8:27
3 Stars
1 - Rick DiPietro (Clb)
2 - Ramzi Abid (Clb)
3 - Adam Deadmarsh (Clb)
Power Play
Wild - 0 on 12 Attempt(s) - 0,00%
Blue Jackets - 3 on 8 Attempt(s) - 37,50%
Penalty Kill
Wild - 5 on 8 Attempt(s) - 62,50%
- Score 0 goal in Penalty Kill
Blue Jackets - 12 on 12 Attempt(s) - 100,00%
- Score 0 goal in Penalty Kill
Official
Referees : Sutherland Kelly and Fraser Kerry
Linesman : Brian Murphy and Steve Barton
Game Notes
No Game Note
Finance
Level 1 -- Attendance: 4513 (75,22%) -- Ticket Income 406 170 $
Level 2 -- Attendance: 4210 (84,20%) -- Ticket Income 231 550 $
Level 3 -- Attendance: 1936 (96,80%) -- Ticket Income 58 080 $
Level 4 -- Attendance: 3785 (94,63%) -- Ticket Income 75 700 $
Luxury Box -- Attendance: 785 (78,50%) -- Ticket Income 145 225 $
Game was played at the Ohio State Arena
Total Attendance: 15229 (84,61%)
Total Ticket Income: 916 725 $
Other Income: 137 509 $
Total Income: 1 054 234 $
Wild
5 vs 5 Forward
Center Left Wing Right Wing Time % Phy DF OF
1 Chris Drury R.J. Umberger Daniel Briere 40 2 2 1
2 Vaclav Prospal Matt Moulson Alexei Kovalev 30 2 1 2
3 Glen Metropolit Fredrik Modin Anson Carter 20 1 1 3
4 Rich Peverley Cody McLeod Alexander Perezhogin 10 2 1 2
5 vs 5 Defense
Defense Defense Time % Phy DF OF
1 Mike Green Fedor Tyutin 40 2 2 1
2 Greg Zanon Mark Eaton 30 2 2 1
3 Willie Mitchell Shane Hnidy 20 2 2 1
4 Mike Green Fedor Tyutin 10 2 2 1
PowerPlay Forward
Center Left Wing Right Wing Time % Phy DF OF
1 Chris Drury R.J. Umberger Daniel Briere 60 0 0 5
2 Vaclav Prospal Matt Moulson Alexei Kovalev 40 0 0 5
PowerPlay Defense
Defense Defense Time % Phy DF OF
1 Mike Green Fedor Tyutin 60 0 2 3
2 Shane Hnidy Mark Eaton 40 0 2 3
Penalty Kill 4 Players Forward
Center Wing Time % Phy DF OF
1 Glen Metropolit Fredrik Modin 60 2 2 1
2 Rich Peverley Anson Carter 40 2 2 1
Penalty Kill 4 Players Defense
Defense Defense Time % Phy DF OF
1 Greg Zanon Willie Mitchell 60 2 3 0
2 Shane Hnidy Mark Eaton 40 2 3 0
Penalty Kill - 3 Players Forward
Forward Time % Phy DF OF
1 Glen Metropolit 60 1 4 0
2 Vaclav Prospal 40 1 4 0
Penalty Kill - 3 Players Defense
Defense Defense Time % Phy DF OF
1 Willie Mitchell Greg Zanon 60 2 3 0
2 Shane Hnidy Mark Eaton 40 2 3 0
4 vs 4 Forward
Center Wing Time % Phy DF OF
1 Daniel Briere Chris Drury 60 2 1 2
2 R.J. Umberger Alexei Kovalev 40 2 1 2
4 vs 4 Defense
Defense Defense Time % Phy DF OF
1 Willie Mitchell Fedor Tyutin 60 2 2 1
2 Mike Green Mark Eaton 40 2 2 1
Last Minutes Offensive
Center Left Wing Right Wing Defense Defense
Chris Drury R.J. Umberger Daniel Briere Mike Green Fedor Tyutin
Last Minutes Defensive
Center Left Wing Right Wing Defense Defense
Glen Metropolit Vaclav Prospal Anson Carter Greg Zanon Willie Mitchell
Goaltenders
Starting : Martin Brodeur
Backup : Julien Ellis
Extra Forwards
Normal : Chris Drury, Daniel Briere, Vaclav Prospal - PP : Chris Drury, Daniel Briere - PK : Glen Metropolit
Extra Defensemen
Normal : Mike Green, Fedor Tyutin, Greg Zanon - PP : Mike Green - PK : Fedor Tyutin, Greg Zanon
Penalty Shots
Daniel Briere, Chris Drury, R.J. Umberger, Alexei Kovalev, Anson Carter
Blue Jackets
5 vs 5 Forward
Center Left Wing Right Wing Time % Phy DF OF
1 Marc Savard David Booth Blake Wheeler 40 1 2 2
2 Jan Bulis Marcus Nilson Pavel Bure 30 1 2 2
3 Chris Kelly Ramzi Abid Adam Deadmarsh 20 1 2 2
4 Dave Steckel Jeff Taffe Jason Ward 10 1 2 2
5 vs 5 Defense
Defense Defense Time % Phy DF OF
1 Branislav Mezei Wade Redden 40 1 2 2
2 François Beauchemin Brad Stuart 30 1 2 2
3 Mike Commodore A.J Thelen 20 1 2 2
4 Branislav Mezei Wade Redden 10 1 2 2
PowerPlay Forward
Center Left Wing Right Wing Time % Phy DF OF
1 Marc Savard David Booth Pavel Bure 60 1 2 2
2 Jan Bulis Ramzi Abid Blake Wheeler 40 1 2 2
PowerPlay Defense
Defense Defense Time % Phy DF OF
1 Branislav Mezei Wade Redden 60 1 2 2
2 François Beauchemin Brad Stuart 40 1 2 2
Penalty Kill 4 Players Forward
Center Wing Time % Phy DF OF
1 Marc Savard David Booth 60 1 2 2
2 Pavel Bure Blake Wheeler 40 1 2 2
Penalty Kill 4 Players Defense
Defense Defense Time % Phy DF OF
1 Branislav Mezei Wade Redden 60 1 2 2
2 François Beauchemin Brad Stuart 40 1 2 2
Penalty Kill - 3 Players Forward
Forward Time % Phy DF OF
1 Marc Savard 60 1 2 2
2 David Booth 40 1 2 2
Penalty Kill - 3 Players Defense
Defense Defense Time % Phy DF OF
1 Branislav Mezei Wade Redden 60 1 2 2
2 François Beauchemin Brad Stuart 40 1 2 2
4 vs 4 Forward
Center Wing Time % Phy DF OF
1 Marc Savard David Booth 60 1 2 2
2 Pavel Bure Blake Wheeler 40 1 2 2
4 vs 4 Defense
Defense Defense Time % Phy DF OF
1 Branislav Mezei Wade Redden 60 1 2 2
2 François Beauchemin Brad Stuart 40 1 2 2
Last Minutes Offensive
Center Left Wing Right Wing Defense Defense
Marc Savard David Booth Pavel Bure Branislav Mezei Wade Redden
Last Minutes Defensive
Center Left Wing Right Wing Defense Defense
Marc Savard David Booth Pavel Bure Branislav Mezei Wade Redden
Goaltenders
Starting : Rick DiPietro
Backup : Mathieu Garon
Extra Forwards
Normal : Marcus Nilson, Chris Kelly, Jeff Taffe - PP : Marcus Nilson, Chris Kelly - PK : Jeff Taffe
Extra Defensemen
Normal : Mike Commodore, A.J Thelen, François Beauchemin - PP : Mike Commodore - PK : A.J Thelen, François Beauchemin
Penalty Shots
Marc Savard, David Booth, Pavel Bure, Blake Wheeler, Ramzi Abid
% Time on Ice - Wild
Lines # - Real PCT - Wanted PCT - Time Play
Normal Forward
1 - 32% - 40% - 10:34
2 - 29% - 30% - 9:21
3 - 22% - 20% - 7:08
4 - 17% - 10% - 5:40
Normal Defense
1 - 44% - 40% - 14:31
2 - 36% - 30% - 11:39
3 - 19% - 20% - 6:16
4 - 1% - 10% - 0:17
PP Forward
1 - 59% - 60% - 10:12
2 - 41% - 40% - 6:58
PP Defense
1 - 63% - 60% - 10:51
2 - 37% - 40% - 6:19
PK Forward
1 - 81% - 60% - 4:49
2 - 19% - 40% - 1:10
PK Defense
1 - 58% - 60% - 3:29
2 - 42% - 40% - 2:30
PK3 Forward
1 - 0% - 60%
2 - 0% - 40%
PK3 Defense
1 - 0% - 60%
2 - 0% - 40%
44 Forward
1 - 85% - 60% - 3:30
2 - 15% - 40% - 0:38
44 Defense
1 - 79% - 60% - 3:17
2 - 21% - 40% - 0:51
Last Minute Offensive - 0:00
Last Minute Defensive - 0:00
Total
Forward - 60:00
Defense - 60:00
|
% Time on Ice - Blue Jackets
Lines # - Real PCT - Wanted PCT - Time Play
Normal Forward
1 - 30% - 40% - 9:55
2 - 30% - 30% - 9:49
3 - 17% - 20% - 5:43
4 - 22% - 10% - 7:16
Normal Defense
1 - 36% - 40% - 11:47
2 - 34% - 30% - 11:17
3 - 28% - 20% - 9:03
4 - 2% - 10% - 0:36
PP Forward
1 - 60% - 60% - 3:35
2 - 40% - 40% - 2:24
PP Defense
1 - 72% - 60% - 4:19
2 - 28% - 40% - 1:40
PK Forward
1 - 65% - 60% - 10:08
2 - 35% - 40% - 5:26
PK Defense
1 - 62% - 60% - 9:40
2 - 38% - 40% - 5:54
PK3 Forward
1 - 100% - 60% - 1:36
2 - 0% - 40% - 0:00
PK3 Defense
1 - 73% - 60% - 1:10
2 - 27% - 40% - 0:26
44 Forward
1 - 90% - 60% - 3:44
2 - 10% - 40% - 0:24
44 Defense
1 - 74% - 60% - 3:04
2 - 26% - 40% - 1:04
Last Minute Offensive - 0:00
Last Minute Defensive - 0:00
Total
Forward - 60:00
Defense - 60:00
|
Play by Play
1st period
0:01 of 1st period - Marc Savard wins face-off versus Chris Drury in neutral zone.
0:03 of 1st period - Off-side.
0:04 of 1st period - Marc Savard wins face-off versus Chris Drury in neutral zone.
0:11 of 1st period - Wrist shot by Marc Savard.
0:11 of 1st period - Stopped by Martin Brodeur with a rebound.
0:35 of 1st period - Slapshot by Mike Green.
0:35 of 1st period - Shot Misses the Net.
1:39 of 1st period - Slapshot by David Booth.
1:39 of 1st period - Stopped by Martin Brodeur with a rebound.
1:41 of 1st period - Wrist shot by Blake Wheeler.
1:41 of 1st period - Shot Blocked by Willie Mitchell.
3:08 of 1st period - Wrist shot by Alexander Perezhogin.
3:08 of 1st period - Shot Misses the Net.
4:09 of 1st period - Alexander Perezhogin is hit by Brad Stuart and loses puck.
4:27 of 1st period - Greg Zanon is hit by Marc Savard and loses puck.
4:40 of 1st period - Alexei Kovalev is hit by Jeff Taffe and loses puck.
4:45 of 1st period - Wrist shot by Jeff Taffe.
4:45 of 1st period - Stopped by Martin Brodeur without a rebound.
4:46 of 1st period - Dave Steckel wins face-off versus Chris Drury in Wild zone.
4:57 of 1st period - Slapshot by Mike Green.
4:57 of 1st period - Stopped by Rick DiPietro with a rebound.
5:01 of 1st period - Snap shot by Daniel Briere.
5:01 of 1st period - Stopped by Rick DiPietro with a rebound.
5:06 of 1st period - Minor Penalty to Jason Ward for Roughing.
5:07 of 1st period - Chris Drury wins face-off versus Marc Savard in Blue Jackets zone.
5:23 of 1st period - Snap shot by Daniel Briere.
5:23 of 1st period - Stopped by Rick DiPietro without a rebound.
5:24 of 1st period - Marc Savard wins face-off versus Vaclav Prospal in Blue Jackets zone.
5:33 of 1st period - Vaclav Prospal is hit by Wade Redden and loses puck.
6:05 of 1st period - Snap shot by Mike Green.
6:05 of 1st period - Deflect By R.J. Umberger.
6:05 of 1st period - Shot Misses the Net.
6:05 of 1st period - Puck is out of play.
6:06 of 1st period - Chris Drury wins face-off versus Marc Savard in Blue Jackets zone.
6:15 of 1st period - Snap shot by Chris Drury.
6:15 of 1st period - Deflect By Daniel Briere.
6:15 of 1st period - Shot Misses the Net.
6:15 of 1st period - Puck is out of play.
6:16 of 1st period - Marc Savard wins face-off versus Chris Drury in Blue Jackets zone.
6:35 of 1st period - Slapshot by R.J. Umberger.
6:35 of 1st period - Stopped by Rick DiPietro without a rebound.
6:36 of 1st period - Vaclav Prospal wins face-off versus Pavel Bure in Blue Jackets zone.
6:40 of 1st period - Minor Penalty to Pavel Bure for Holding Stick.
6:41 of 1st period - Marc Savard wins face-off versus Chris Drury in Blue Jackets zone.
6:41 of 1st period - Marc Savard is hit by Daniel Briere.
7:06 of 1st period - Penalty to Jason Ward is over, Jason Ward is back on ice.
7:10 of 1st period - Backhand shot by Wade Redden.
7:10 of 1st period - Stopped by Martin Brodeur without a rebound.
7:11 of 1st period - Marc Savard wins face-off versus Vaclav Prospal in Wild zone.
8:40 of 1st period - Penalty to Pavel Bure is over, Pavel Bure is back on ice.
9:36 of 1st period - Off-side.
9:37 of 1st period - Chris Drury wins face-off versus Jeff Taffe in neutral zone.
9:40 of 1st period - Slapshot by Mike Green.
9:40 of 1st period - Stopped by Rick DiPietro without a rebound.
9:41 of 1st period - Marc Savard wins face-off versus Chris Drury in Blue Jackets zone.
9:41 of 1st period - Marc Savard is hit by R.J. Umberger.
9:53 of 1st period - Snap shot by Marc Savard.
9:53 of 1st period - Stopped by Martin Brodeur with a rebound.
9:55 of 1st period - Slapshot by Wade Redden.
9:55 of 1st period - Deflect By Chris Drury.
9:55 of 1st period - Stopped by Martin Brodeur with a rebound.
9:57 of 1st period - Slapshot by Branislav Mezei.
9:57 of 1st period - Stopped by Martin Brodeur with a rebound.
10:07 of 1st period - Chris Drury is hit by Chris Kelly and loses puck.
10:22 of 1st period - Wrist shot by Daniel Briere.
10:22 of 1st period - Stopped by Rick DiPietro with a rebound.
10:24 of 1st period - Snap shot by Fedor Tyutin.
10:24 of 1st period - Stopped by Rick DiPietro with a rebound.
10:26 of 1st period - Snap shot by Mike Green.
10:26 of 1st period - Shot Misses the Net.
10:28 of 1st period - Slapshot by Fedor Tyutin.
10:28 of 1st period - Stopped by Rick DiPietro without a rebound.
10:29 of 1st period - Marc Savard wins face-off versus Alexei Kovalev in Blue Jackets zone.
10:29 of 1st period - Marc Savard is hit by Fedor Tyutin.
10:45 of 1st period - Wrist shot by David Booth.
10:45 of 1st period - Stopped by Martin Brodeur without a rebound.
10:46 of 1st period - Jan Bulis wins face-off versus Glen Metropolit in Wild zone.
11:23 of 1st period - Minor Penalty to Blake Wheeler for Interference.
11:24 of 1st period - Chris Drury wins face-off versus Marc Savard in Blue Jackets zone.
11:51 of 1st period - Wade Redden is hit by Alexei Kovalev and loses puck.
11:56 of 1st period - Wrist shot by Vaclav Prospal.
11:56 of 1st period - Shot Blocked by Wade Redden.
11:58 of 1st period - Slapshot by Mark Eaton.
11:58 of 1st period - Shot Blocked by Pavel Bure.
12:00 of 1st period - Slapshot by Shane Hnidy.
12:00 of 1st period - Stopped by Rick DiPietro with a rebound.
12:04 of 1st period - Snap shot by Vaclav Prospal.
12:04 of 1st period - Shot Misses the Net.
12:44 of 1st period - Mike Green is hit by Pavel Bure and loses puck.
13:03 of 1st period - Fedor Tyutin is hit by Jeff Taffe and loses puck.
13:23 of 1st period - Penalty to Blake Wheeler is over, Blake Wheeler is back on ice.
13:36 of 1st period - Off-side.
13:37 of 1st period - Chris Kelly wins face-off versus Glen Metropolit in neutral zone.
13:40 of 1st period - Shane Hnidy is hit by Adam Deadmarsh and loses puck.
13:51 of 1st period - Branislav Mezei is hit by Shane Hnidy and loses puck.
14:10 of 1st period - Wrist shot by Rich Peverley.
14:10 of 1st period - Stopped by Rick DiPietro without a rebound.
14:11 of 1st period - Rich Peverley wins face-off versus Marc Savard in Blue Jackets zone.
14:41 of 1st period - Snap shot by Chris Drury.
14:41 of 1st period - Deflect By Pavel Bure.
14:41 of 1st period - Stopped by Rick DiPietro with a rebound.
14:43 of 1st period - Backhand shot by R.J. Umberger.
14:43 of 1st period - Goal by R.J. Umberger - Wild : 1 - Blue Jackets : 0.
14:44 of 1st period - Chris Drury wins face-off versus Blake Wheeler in neutral zone.
14:46 of 1st period - Minor Penalty to Wade Redden for Roughing.
14:47 of 1st period - Marc Savard wins face-off versus Chris Drury in Blue Jackets zone.
14:47 of 1st period - Marc Savard is hit by Chris Drury.
15:13 of 1st period - Vaclav Prospal is hit by Blake Wheeler and loses puck.
16:21 of 1st period - Wrist shot by Marcus Nilson.
16:21 of 1st period - Stopped by Martin Brodeur without a rebound.
16:22 of 1st period - Marc Savard wins face-off versus Chris Drury in Wild zone.
16:46 of 1st period - Penalty to Wade Redden is over, Wade Redden is back on ice.
17:01 of 1st period - Wrist shot by Ramzi Abid.
17:01 of 1st period - Shot Blocked by Glen Metropolit.
17:35 of 1st period - Snap shot by Chris Drury.
17:35 of 1st period - Deflect By R.J. Umberger.
17:35 of 1st period - Stopped by Rick DiPietro with a rebound.
17:37 of 1st period - Slapshot by Mark Eaton.
17:37 of 1st period - Stopped by Rick DiPietro with a rebound.
17:43 of 1st period - Minor Penalty to Jason Ward for Hooking.
17:44 of 1st period - Chris Drury wins face-off versus Marc Savard in Blue Jackets zone.
17:51 of 1st period - Wrist shot by Chris Drury.
17:51 of 1st period - Shot Misses the Net.
17:53 of 1st period - Snap shot by Mark Eaton.
17:53 of 1st period - Shot Misses the Net.
17:55 of 1st period - Slapshot by Mark Eaton.
17:55 of 1st period - Shot Misses the Net.
17:57 of 1st period - Slapshot by Mark Eaton.
17:57 of 1st period - Stopped by Rick DiPietro without a rebound.
17:58 of 1st period - Chris Drury wins face-off versus Marc Savard in Blue Jackets zone.
18:02 of 1st period - Slapshot by R.J. Umberger.
18:02 of 1st period - Shot Misses the Net.
18:04 of 1st period - Slapshot by Daniel Briere.
18:04 of 1st period - Shot Blocked by Marc Savard.
18:06 of 1st period - Snap shot by Chris Drury.
18:06 of 1st period - Shot Misses the Net.
18:08 of 1st period - Wrist shot by R.J. Umberger.
18:08 of 1st period - Stopped by Rick DiPietro without a rebound.
18:09 of 1st period - Chris Drury wins face-off versus Marc Savard in Blue Jackets zone.
18:31 of 1st period - Minor Penalty to Marc Savard for Hooking.
18:32 of 1st period - Chris Drury wins face-off versus Jeff Taffe in Blue Jackets zone.
19:43 of 1st period - Penalty to Jason Ward is over, Jason Ward is back on ice.
19:52 of 1st period - Dave Steckel is hit by Daniel Briere.
Goals for this period are 1 for Wild vs 0 for Blue Jackets.
Shots for this period are 16 for Wild vs 9 for Blue Jackets.
2nd period
0:01 of 2nd period - Chris Drury wins face-off versus David Booth in neutral zone.
0:31 of 2nd period - Penalty to Marc Savard is over, Marc Savard is back on ice.
0:48 of 2nd period - Slapshot by Wade Redden.
0:48 of 2nd period - Stopped by Martin Brodeur with a rebound.
1:50 of 2nd period - Slapshot by Mike Green.
1:50 of 2nd period - Deflect By Branislav Mezei.
1:50 of 2nd period - Stopped by Rick DiPietro without a rebound.
1:51 of 2nd period - Chris Kelly wins face-off versus Vaclav Prospal in Blue Jackets zone.
1:55 of 2nd period - Off-side.
1:56 of 2nd period - Vaclav Prospal wins face-off versus Chris Kelly in neutral zone.
2:32 of 2nd period - Snap shot by Glen Metropolit.
2:32 of 2nd period - Stopped by Rick DiPietro with a rebound.
2:51 of 2nd period - Off-side.
2:52 of 2nd period - Vaclav Prospal wins face-off versus Jan Bulis in neutral zone.
3:22 of 2nd period - Mike Commodore is hit by Glen Metropolit and loses puck.
3:57 of 2nd period - Wrist shot by Matt Moulson.
3:57 of 2nd period - Stopped by Rick DiPietro with a rebound.
3:59 of 2nd period - Backhand shot by Alexei Kovalev.
3:59 of 2nd period - Stopped by Rick DiPietro without a rebound.
4:00 of 2nd period - Chris Kelly wins face-off versus Vaclav Prospal in Blue Jackets zone.
4:25 of 2nd period - David Booth is hit by Daniel Briere and loses puck.
4:44 of 2nd period - Glen Metropolit is hit by Marcus Nilson and loses puck.
5:05 of 2nd period - Off-side.
5:06 of 2nd period - Dave Steckel wins face-off versus Vaclav Prospal in neutral zone.
5:35 of 2nd period - Wrist shot by Jeff Taffe.
5:35 of 2nd period - Stopped by Martin Brodeur without a rebound.
5:36 of 2nd period - Marc Savard wins face-off versus Glen Metropolit in Wild zone.
6:06 of 2nd period - Wrist shot by Anson Carter.
6:06 of 2nd period - Shot Blocked by Mike Commodore.
6:22 of 2nd period - Snap shot by Fredrik Modin.
6:22 of 2nd period - Shot Misses the Net.
6:24 of 2nd period - Snap shot by Glen Metropolit.
6:24 of 2nd period - Stopped by Rick DiPietro without a rebound.
6:25 of 2nd period - Chris Drury wins face-off versus Marc Savard in Blue Jackets zone.
6:48 of 2nd period - Minor Penalty to Wade Redden for Holding.
6:49 of 2nd period - David Booth wins face-off versus Chris Drury in Blue Jackets zone.
7:34 of 2nd period - Wrist shot by Blake Wheeler.
7:34 of 2nd period - Shot Blocked by Fedor Tyutin.
7:36 of 2nd period - Slapshot by François Beauchemin.
7:36 of 2nd period - Stopped by Martin Brodeur without a rebound.
7:37 of 2nd period - Blake Wheeler wins face-off versus Chris Drury in Wild zone.
7:58 of 2nd period - Slapshot by David Booth.
7:58 of 2nd period - Stopped by Martin Brodeur with a rebound.
8:00 of 2nd period - Slapshot by Branislav Mezei.
8:00 of 2nd period - Stopped by Martin Brodeur with a rebound.
8:48 of 2nd period - Penalty to Wade Redden is over, Wade Redden is back on ice.
9:10 of 2nd period - Wrist shot by Adam Deadmarsh.
9:10 of 2nd period - Goal by Adam Deadmarsh - Wild : 1 - Blue Jackets : 1.
9:11 of 2nd period - Vaclav Prospal wins face-off versus Marc Savard in neutral zone.
9:22 of 2nd period - Slapshot by Brad Stuart.
9:22 of 2nd period - Stopped by Martin Brodeur with a rebound.
9:24 of 2nd period - Slapshot by Brad Stuart.
9:24 of 2nd period - Shot Misses the Net.
10:13 of 2nd period - Wrist shot by Chris Drury.
10:13 of 2nd period - Shot Misses the Net.
10:15 of 2nd period - Snap shot by Mike Green.
10:15 of 2nd period - Stopped by Rick DiPietro without a rebound.
10:16 of 2nd period - Marc Savard wins face-off versus Alexei Kovalev in Blue Jackets zone.
10:53 of 2nd period - Snap shot by Pavel Bure.
10:53 of 2nd period - Shot Misses the Net.
10:55 of 2nd period - Snap shot by Marcus Nilson.
10:55 of 2nd period - Stopped by Martin Brodeur without a rebound.
10:56 of 2nd period - Chris Drury wins face-off versus Marc Savard in Wild zone.
11:09 of 2nd period - Snap shot by Chris Drury.
11:09 of 2nd period - Shot Blocked by François Beauchemin.
11:11 of 2nd period - Wrist shot by Daniel Briere.
11:11 of 2nd period - Shot Misses the Net.
11:29 of 2nd period - Wrist shot by Matt Moulson.
11:29 of 2nd period - Stopped by Rick DiPietro without a rebound.
11:30 of 2nd period - Jan Bulis wins face-off versus Chris Drury in Blue Jackets zone.
11:32 of 2nd period - Minor Penalty to Branislav Mezei for Hooking.
11:33 of 2nd period - Chris Drury wins face-off versus Marc Savard in Blue Jackets zone.
12:27 of 2nd period - Minor Penalty to Alexei Kovalev for Interference.
12:28 of 2nd period - Daniel Briere wins face-off versus Marc Savard in Wild zone.
12:41 of 2nd period - Willie Mitchell is hit by Marc Savard and loses puck.
12:48 of 2nd period - Mike Commodore is hit by Chris Drury and loses puck.
13:09 of 2nd period - Willie Mitchell is hit by Brad Stuart and loses puck.
13:28 of 2nd period - Mark Eaton is hit by Chris Kelly and loses puck.
13:32 of 2nd period - Penalty to Branislav Mezei is over, Branislav Mezei is back on ice.
14:07 of 2nd period - Snap shot by Marcus Nilson.
14:07 of 2nd period - Shot Blocked by Shane Hnidy.
14:09 of 2nd period - Snap shot by Branislav Mezei.
14:09 of 2nd period - Shot Misses the Net.
14:11 of 2nd period - Slapshot by Wade Redden.
14:11 of 2nd period - Shot Misses the Net.
14:21 of 2nd period - Slapshot by Branislav Mezei.
14:21 of 2nd period - Stopped by Martin Brodeur without a rebound.
14:22 of 2nd period - Rich Peverley wins face-off versus Marc Savard in Wild zone.
14:22 of 2nd period - Rich Peverley is hit by Marc Savard.
14:27 of 2nd period - Penalty to Alexei Kovalev is over, Alexei Kovalev is back on ice.
15:40 of 2nd period - Pavel Bure is hit by Chris Drury and loses puck.
16:19 of 2nd period - Blake Wheeler is hit by R.J. Umberger and loses puck.
17:21 of 2nd period - Snap shot by Jason Ward.
17:21 of 2nd period - Stopped by Martin Brodeur with a rebound.
18:29 of 2nd period - Greg Zanon is hit by Pavel Bure and loses puck.
19:05 of 2nd period - David Booth is hit by Alexei Kovalev and loses puck.
19:38 of 2nd period - Alexei Kovalev is hit by Mike Commodore and loses puck.
19:47 of 2nd period - Wrist shot by Chris Kelly.
19:47 of 2nd period - Deflect By Matt Moulson.
19:47 of 2nd period - Stopped by Martin Brodeur with a rebound.
19:55 of 2nd period - Mark Eaton is hit by Marc Savard and loses puck.
Goals for this period are 0 for Wild vs 1 for Blue Jackets.
Shots for this period are 7 for Wild vs 11 for Blue Jackets.
3rd period
0:01 of 3rd period - Marc Savard wins face-off versus Chris Drury in neutral zone.
0:16 of 3rd period - Wrist shot by Marc Savard.
0:16 of 3rd period - Stopped by Martin Brodeur without a rebound.
0:17 of 3rd period - Pavel Bure wins face-off versus Vaclav Prospal in Wild zone.
0:32 of 3rd period - Jan Bulis is hit by Fedor Tyutin and loses puck.
0:36 of 3rd period - Minor Penalty to Pavel Bure for Hooking.
0:37 of 3rd period - Marc Savard wins face-off versus Chris Drury in Blue Jackets zone.
0:37 of 3rd period - Marc Savard is hit by Daniel Briere.
0:49 of 3rd period - Wrist shot by Chris Drury.
0:49 of 3rd period - Deflect By R.J. Umberger.
0:49 of 3rd period - Stopped by Rick DiPietro with a rebound.
1:19 of 3rd period - Matt Moulson is hit by Blake Wheeler and loses puck.
2:36 of 3rd period - Penalty to Pavel Bure is over, Pavel Bure is back on ice.
2:54 of 3rd period - A.J Thelen is hit by Fredrik Modin and loses puck.
3:11 of 3rd period - Greg Zanon is hit by Ramzi Abid and loses puck.
3:22 of 3rd period - Fedor Tyutin is hit by Chris Kelly and loses puck.
4:17 of 3rd period - Mike Commodore is hit by Mike Green and loses puck.
4:49 of 3rd period - Minor Penalty to Greg Zanon for Holding.
4:50 of 3rd period - Glen Metropolit wins face-off versus Marc Savard in Wild zone.
4:54 of 3rd period - Minor Penalty to David Booth for Tripping.
4:55 of 3rd period - Daniel Briere wins face-off versus Marc Savard in Blue Jackets zone.
4:55 of 3rd period - Snap shot by Chris Drury.
4:55 of 3rd period - Shot Misses the Net.
5:32 of 3rd period - Icing by Willie Mitchell.
5:33 of 3rd period - Marc Savard wins face-off versus Daniel Briere in Wild zone.
5:48 of 3rd period - Snap shot by R.J. Umberger.
5:48 of 3rd period - Shot Misses the Net.
6:16 of 3rd period - Mark Eaton is hit by Marc Savard and loses puck.
6:42 of 3rd period - Slapshot by François Beauchemin.
6:42 of 3rd period - Shot Misses the Net.
6:49 of 3rd period - Penalty to Greg Zanon is over, Greg Zanon is back on ice.
6:54 of 3rd period - Penalty to David Booth is over, David Booth is back on ice.
7:22 of 3rd period - Chris Kelly is hit by Mike Green and loses puck.
7:45 of 3rd period - Minor Penalty to Shane Hnidy for High sticking.
7:46 of 3rd period - Marc Savard wins face-off versus Glen Metropolit in Wild zone.
7:47 of 3rd period - Wrist shot by David Booth.
7:47 of 3rd period - Shot Blocked by Greg Zanon.
7:49 of 3rd period - Slapshot by Branislav Mezei.
7:49 of 3rd period - Deflect By Marc Savard.
7:49 of 3rd period - Stopped by Martin Brodeur with a rebound.
7:51 of 3rd period - Snap shot by Pavel Bure.
7:51 of 3rd period - Goal by Pavel Bure - Wild : 1 - Blue Jackets : 2.
7:52 of 3rd period - Chris Drury wins face-off versus Marc Savard in neutral zone.
7:55 of 3rd period - Blake Wheeler is hit by R.J. Umberger and loses puck.
8:02 of 3rd period - Snap shot by Daniel Briere.
8:02 of 3rd period - Stopped by Rick DiPietro without a rebound.
8:03 of 3rd period - Chris Drury wins face-off versus Marc Savard in Blue Jackets zone.
8:06 of 3rd period - Snap shot by Chris Drury.
8:06 of 3rd period - Stopped by Rick DiPietro with a rebound.
8:14 of 3rd period - Snap shot by Daniel Briere.
8:14 of 3rd period - Shot Blocked by Branislav Mezei.
8:16 of 3rd period - Slapshot by Fedor Tyutin.
8:16 of 3rd period - Stopped by Rick DiPietro without a rebound.
8:17 of 3rd period - Marc Savard wins face-off versus Chris Drury in Blue Jackets zone.
8:32 of 3rd period - Wrist shot by Blake Wheeler.
8:32 of 3rd period - Shot Misses the Net.
8:48 of 3rd period - Wrist shot by Jan Bulis.
8:48 of 3rd period - Shot Misses the Net.
8:52 of 3rd period - Slapshot by Marcus Nilson.
8:52 of 3rd period - Shot Misses the Net.
8:58 of 3rd period - Minor Penalty to Vaclav Prospal for Tripping.
8:59 of 3rd period - Marc Savard wins face-off versus Glen Metropolit in Wild zone.
9:00 of 3rd period - Slapshot by David Booth.
9:00 of 3rd period - Shot Blocked by Willie Mitchell.
9:02 of 3rd period - Slapshot by Wade Redden.
9:02 of 3rd period - Goal by Wade Redden - Wild : 1 - Blue Jackets : 3.
9:03 of 3rd period - Marc Savard wins face-off versus Chris Drury in neutral zone.
9:11 of 3rd period - Minor Penalty to R.J. Umberger for Tripping.
9:12 of 3rd period - Glen Metropolit wins face-off versus Marc Savard in Wild zone.
9:12 of 3rd period - Glen Metropolit is hit by David Booth.
9:28 of 3rd period - Snap shot by Marc Savard.
9:28 of 3rd period - Shot Blocked by Greg Zanon.
9:55 of 3rd period - Wrist shot by Anson Carter.
9:55 of 3rd period - Shot Misses the Net.
10:13 of 3rd period - Slapshot by Jan Bulis.
10:13 of 3rd period - Stopped by Martin Brodeur with a rebound.
11:11 of 3rd period - Penalty to R.J. Umberger is over, R.J. Umberger is back on ice.
11:25 of 3rd period - Snap shot by Alexei Kovalev.
11:25 of 3rd period - Shot Blocked by Jeff Taffe.
11:27 of 3rd period - Wrist shot by Vaclav Prospal.
11:27 of 3rd period - Shot Misses the Net.
11:39 of 3rd period - Daniel Briere is hit by Chris Kelly and loses puck.
11:56 of 3rd period - Wrist shot by Rich Peverley.
11:56 of 3rd period - Stopped by Rick DiPietro with a rebound.
11:58 of 3rd period - Snap shot by Alexander Perezhogin.
11:58 of 3rd period - Stopped by Rick DiPietro with a rebound.
12:00 of 3rd period - Snap shot by Cody McLeod.
12:00 of 3rd period - Stopped by Rick DiPietro without a rebound.
12:01 of 3rd period - Dave Steckel wins face-off versus Vaclav Prospal in Blue Jackets zone.
12:15 of 3rd period - Minor Penalty to Dave Steckel for Delaying the game.
12:16 of 3rd period - Chris Drury wins face-off versus Marc Savard in Blue Jackets zone.
12:24 of 3rd period - Wrist shot by Daniel Briere.
12:24 of 3rd period - Stopped by Rick DiPietro with a rebound.
12:26 of 3rd period - Slapshot by Chris Drury.
12:26 of 3rd period - Stopped by Rick DiPietro without a rebound.
12:27 of 3rd period - Chris Drury wins face-off versus David Booth in Blue Jackets zone.
12:42 of 3rd period - Snap shot by Daniel Briere.
12:42 of 3rd period - Stopped by Rick DiPietro with a rebound.
13:21 of 3rd period - Wrist shot by Daniel Briere.
13:21 of 3rd period - Stopped by Rick DiPietro with a rebound.
13:49 of 3rd period - Wrist shot by Marcus Nilson.
13:49 of 3rd period - Stopped by Martin Brodeur with a rebound.
13:53 of 3rd period - Snap shot by Marcus Nilson.
13:53 of 3rd period - Stopped by Martin Brodeur without a rebound.
13:54 of 3rd period - Vaclav Prospal wins face-off versus Jeff Taffe in Wild zone.
14:09 of 3rd period - Minor Penalty to R.J. Umberger for Tripping.
14:10 of 3rd period - Daniel Briere wins face-off versus David Booth in Wild zone.
14:10 of 3rd period - Daniel Briere is hit by David Booth.
14:15 of 3rd period - Penalty to Dave Steckel is over, Dave Steckel is back on ice.
14:44 of 3rd period - Wrist shot by Jan Bulis.
14:44 of 3rd period - Stopped by Martin Brodeur without a rebound.
14:45 of 3rd period - Jan Bulis wins face-off versus Glen Metropolit in Wild zone.
15:02 of 3rd period - Snap shot by Ramzi Abid.
15:02 of 3rd period - Goal by Ramzi Abid - Wild : 1 - Blue Jackets : 4.
15:03 of 3rd period - Blake Wheeler wins face-off versus Chris Drury in neutral zone.
15:06 of 3rd period - Snap shot by Marc Savard.
15:06 of 3rd period - Shot Blocked by Fedor Tyutin.
15:07 of 3rd period - Minor Penalty to Fedor Tyutin for Delaying the game.
15:08 of 3rd period - Glen Metropolit wins face-off versus Marc Savard in Wild zone.
15:39 of 3rd period - Rich Peverley is hit by Wade Redden and loses puck.
17:07 of 3rd period - Penalty to Fedor Tyutin is over, Fedor Tyutin is back on ice.
17:23 of 3rd period - Jason Ward is hit by Alexei Kovalev and loses puck.
18:13 of 3rd period - Wrist shot by Jeff Taffe.
18:13 of 3rd period - Shot Hit the Post.
18:15 of 3rd period - Snap shot by Dave Steckel.
18:15 of 3rd period - Stopped by Martin Brodeur with a rebound.
18:17 of 3rd period - Wrist shot by Jeff Taffe.
18:17 of 3rd period - Stopped by Martin Brodeur without a rebound.
18:18 of 3rd period - Marc Savard wins face-off versus Vaclav Prospal in Wild zone.
18:19 of 3rd period - Wrist shot by David Booth.
18:19 of 3rd period - Shot Blocked by Vaclav Prospal.
18:51 of 3rd period - Minor Penalty to Alexei Kovalev for Hooking.
18:52 of 3rd period - Marc Savard wins face-off versus Glen Metropolit in Wild zone.
18:54 of 3rd period - Minor Penalty to Pavel Bure for Hooking.
18:55 of 3rd period - Daniel Briere wins face-off versus Marc Savard in Blue Jackets zone.
19:05 of 3rd period - Wrist shot by Chris Drury.
19:05 of 3rd period - Stopped by Rick DiPietro with a rebound.
19:35 of 3rd period - Wrist shot by Marcus Nilson.
19:35 of 3rd period - Goal by Marcus Nilson - Wild : 1 - Blue Jackets : 5.
19:36 of 3rd period - Daniel Briere wins face-off versus Marc Savard in neutral zone.
19:53 of 3rd period - Snap shot by Chris Drury.
19:53 of 3rd period - Stopped by Rick DiPietro with a rebound.
Goals for this period are 0 for Wild vs 4 for Blue Jackets.
Shots for this period are 13 for Wild vs 12 for Blue Jackets.
Output by the SimonT Hockey Simulator (STHS) for François Prévost -- Original Page W3C XHTML 1.0 Valid